 Dungeon Crawl Stone Soup version 0.31.0-9-g3a7656b989 (webtiles) character file.

Game seed: 1163003195630247620

427 qw the Shooter (level 6, 0/31 HPs)
             Began as a Spriggan Hunter on Feb 2, 2024.
             Slain by a sleepcap (10 damage)
             ... on level 5 of the Dungeon.
             The game lasted 00:00:11 (3347 turns).

qw the Shooter (Spriggan Hunter)                    Turns: 3347, Time: 00:00:12

Health: 0/31       AC:  2    Str:  7    XL:     6   Next: 65%
Magic:  7/7        EV:  4    Int: 10    God:
Gold:   98         SH:  0    Dex: 21    Spells: 5/5 levels left

rFire   . . .        a - +0 shortbow
rCold   . . .        (shield currently unavailable)
rNeg    . . .        c - +0 robe
rPois   .            (helmet restricted)
rElec   .            (no cloak)
rCorr   .            (gloves unavailable)
SInv    +            (boots unavailable)
Will    +....        (no amulet)
Stlth   ++           (no ring)
HPRegen 0.25/turn    (no ring)
MPRegen 0.10/turn

%: no passive effects
@: sleeping, very quick
A: very small, no large weapons, unfitting armour, see invisible, speed 3
a: no special abilities


You were on level 5 of the Dungeon.
You visited 1 branch of the dungeon, and saw 5 of its levels.

You collected 247 gold pieces.
You spent 149 gold pieces at shops.


Innate Abilities, Weirdness & Mutations

You are very small and have problems with some larger weapons.
You are too small for most types of armour.
You have supernaturally acute eyesight. (SInv)
You cover ground extremely quickly. (Speed+++)


   Skills:
 - Level 2.3 Fighting
 + Level 6.5 Ranged Weapons
 - Level 6.0 Dodging
 - Level 1.5 Stealth


You had 5 spell levels left.
You didn't know any spells.
Your spell library was empty.

Inventory:

Hand Weapons
 a - a +0 shortbow (weapon)
Armour
 c - a +0 robe (worn)
Scrolls
 d - 2 scrolls of teleportation
 f - a scroll of enchant armour
Potions
 b - 2 potions of enlightenment
 e - 5 potions of curing
 h - a potion of might
 i - a potion of heal wounds
 j - a potion of cancellation {unknown}

Dungeon Overview and Level Annotations

Branches:
Dungeon (5/15)
 Temple: D:4-7

Altars:
Dithmenos
Qazlal

Shops:
D:4 ?


Message History

The phantom is moderately damaged.
The phantom closely misses you. The phantom hits you.
The phantom blinks!
You blink.
You shoot an arrow. The arrow hits the phantom!
The phantom is severely damaged.
The phantom misses you.
You shoot an arrow. The arrow closely misses the phantom.
The phantom closely misses you.
You shoot an arrow. The arrow hits the phantom.
The phantom is almost destroyed.
The phantom closely misses you.
You shoot an arrow. The arrow hits the phantom.
The phantom is almost destroyed.
The phantom hits you but does no damage.
You shoot an arrow. The arrow hits the phantom.
You destroy the phantom!
You start resting.
A sleepcap comes into view.
You shoot an arrow.
The arrow hits the sleepcap but does no damage.
You shoot an arrow.
The arrow hits the sleepcap but does no damage.
You shoot an arrow. The arrow hits the sleepcap.
The sleepcap is lightly damaged.
You shoot an arrow. The arrow hits the sleepcap.
The sleepcap is moderately damaged.
You shoot an arrow. The arrow hits the sleepcap!
The sleepcap is severely damaged.
You shoot an arrow.
The arrow hits the sleepcap but does no damage.
The sleepcap is severely damaged.
The sleepcap misses you.
You shoot an arrow.
The arrow hits the sleepcap but does no damage.
The sleepcap is severely damaged.
The sleepcap releases spores at you!
You are engulfed in a cloud of soporific spores!
You fall asleep.
The sleepcap releases spores at you!
You die...

. #.........#
#.........# #
#.........# ########
..##.........####.....!.
..............#.......
##.........##.........
##..........#........<.
#.....@f......##<......
.....#######..# #.......
..# #.# ######## #.. #..
...


You could see a sleepcap.

Vanquished Creatures
  A phantom (D:5)
  A scorpion (D:4)
  2 orc priests (D:3)
  A hound (D:4)
  An iguana (D:4)
  2 orc wizards
  5 adders
  2 dart slugs (D:1)
  13 orcs
  8 ball pythons
  4 bats (D:2)
  6 endoplasms
  4 giant cockroaches
  7 goblins
  5 hobgoblins
  4 quokkas
  7 frilled lizards
  3 kobolds
  5 rats
81 creatures vanquished.

Notes
Turn   | Place    | Note
-------+----------+-------------------------------------------
     0 | D:1      | qw the Spriggan Hunter began the quest for the Orb.
     0 | D:1      | Reached XP level 1. HP: 10/10 MP: 2/2
     0 | D:1      | 0 ||| qw: Version: 0.3-a-155-g5e7d8dd
     0 | D:1      | 0 ||| qw: Game counter: 300
     0 | D:1      | 0 ||| qw: Melee chars always use a shield: true
     0 | D:1      | 0 ||| qw: God list: Okawaru
     0 | D:1      | 0 ||| qw: Allow faded altars: false
     0 | D:1      | 0 ||| qw: Do Orc after clearing Dungeon:15 true
     0 | D:1      | 0 ||| qw: Do second Lair branch before Depths: true
     0 | D:1      | 0 ||| qw: Lair rune preference: random
     0 | D:1      | 0 ||| qw: Goals: Normal
     0 | D:1      | 0 ||| PLANNING D:1-11
    34 | D:1      | Reached skill level 3 in Dodging
    67 | D:1      | Reached XP level 2. HP: 14/14 MP: 3/3
   593 | D:1      | 593 ||| READING scroll labelled BOBLID ZOCVESOXT.
   594 | D:1      | 594 ||| READING scroll labelled ZOASOTTAKH.
   598 | D:1      | 598 ||| READING scroll labelled DOSOVV OLIYJ.
   599 | D:1      | 599 ||| DROPPING scroll of butterflies.
   630 | D:2      | Reached XP level 3. HP: 18/18 MP: 4/4
  1066 | D:2      | Reached XP level 4. HP: 22/22 MP: 5/5
  1622 | D:2      | 1622 ||| READING scroll labelled RIJOGUCOKH.
  1622 | D:2      | 1622 ||| IDENTIFYING fuming emerald potion
  1623 | D:2      | 1623 ||| READING 2 scrolls labelled MAIQIA QENUILOLACO.
  1624 | D:2      | 1624 ||| DROPPING potion of degeneration.
  1625 | D:2      | 1625 ||| DROPPING scroll of revelation.
  1667 | D:3      | 1667 ||| STAIRDANCE
  1686 | D:3      | 1686 ||| STAIRDANCE
  1832 | D:3      | 1832 ||| FLEEEEING.
  1833 | D:3      | 1833 ||| FLEEEEING.
  1834 | D:3      | 1834 ||| FLEEEEING.
  1835 | D:3      | 1835 ||| FLEEEEING.
  1836 | D:3      | 1836 ||| FLEEEEING.
  1839 | D:3      | 1839 ||| FLEEEEING.
  1840 | D:3      | 1840 ||| FLEEEEING.
  1841 | D:3      | 1841 ||| FLEEEEING.
  1842 | D:3      | 1842 ||| FLEEEEING.
  1843 | D:3      | 1843 ||| FLEEEEING.
  1844 | D:3      | 1844 ||| FLEEEEING.
  1845 | D:3      | 1845 ||| FLEEEEING.
  2009 | D:3      | Reached XP level 5. HP: 27/27 MP: 6/6
  2097 | D:3      | Found a stormy altar of Qazlal.
  2607 | D:3      | 2607 ||| READING scroll of identify.
  2607 | D:3      | 2607 ||| IDENTIFYING inky potion
  2820 | D:4      | Reached skill level 6 in Ranged Weapons
  2820 | D:4      | Reached XP level 6. HP: 31/31 MP: 7/7
  3162 | D:4      | Found Yciu's Magic Scroll Shop.
  3170 | D:4      | 3170 ||| BUYING scroll of enchant armour (97 gold).
  3170 | D:4      | Bought a scroll of enchant armour for 97 gold pieces
  3170 | D:4      | 3170 ||| BUYING scroll of identify (26 gold).
  3170 | D:4      | Bought a scroll of identify for 26 gold pieces
  3170 | D:4      | 3170 ||| BUYING scroll of identify (26 gold).
  3170 | D:4      | Bought a scroll of identify for 26 gold pieces
  3260 | D:4      | Found a shadowy altar of Dithmenos.
  3265 | D:4      | 3265 ||| READING 2 scrolls of identify.
  3265 | D:4      | 3265 ||| IDENTIFYING black potion
  3266 | D:4      | 3266 ||| READING scroll of identify.
  3266 | D:4      | 3266 ||| IDENTIFYING sedimented red potion
  3267 | D:4      | 3267 ||| DRINKING 6 brown potions.
  3280 | D:5      | Entered Level 5 of the Dungeon
  3284 | D:5      | 3284 ||| STAIRDANCE
  3290 | D:4      | Reached skill level 6 in Dodging
  3302 | D:5      | 3302 ||| STAIRDANCE
  3347 | D:5      | Slain by a sleepcap

Levels and vault maps discovered:
D:1:      dpeg_arrival_long_road, layout_basic, minmay_distorted
D:2:      minmay_recursive_quarters, layout_basic, minmay_misc_feat_columns,
          kennysheep_generic_room_6
D:3:      layout_basic, lemuel_coloured_pillars_altar,
          kennysheep_generic_room_11
D:4:      layout_basic, kennysheep_little_box, serial_shops, shop
D:5:      layout_rooms, nzn_wu_jian_contemplation, trog_ov_bears_minmay

Skill      XL: |  1  2  3  4  5  6 |
---------------+-------------------+-----
Dodging        | 3 4 5 6 |  6.0
Ranged Weapons | 5 6 |  6.5
Fighting       | 2 |  2.3
Stealth        | |  1.5

Action                     |  1- 3 |  4- 6 || total
---------------------------+-------+-------++-------
   Fire: Shortbow          |    94 |   149 ||   243
    Use: Scroll            |     3 |     5 ||     8
         Potion            |       |     1 ||     1
 Armour: Robe              |     6 |    20 ||    26
  Dodge: Dodged            |    27 |    53 ||    80

Table legend:
 A = Non-vault XP
 B = Vault XP
 C = Vault XP percentage of total XP
 D = Non-vault monster count
 E = Vault monster count
 F = Vault count percentage of total count
                 A         B        C        D         E       F
            +---------+---------+-------+---------+---------+-------
      Total |     602 |       9 |   1.5 |      75 |       6 |   7.4
            +---------+---------+-------+---------+---------+-------
        D:1 |      36 |       4 |  10.0 |      21 |       2 |   8.7
        D:2 |      69 |       5 |   6.8 |      19 |       4 |  17.4
        D:3 |     164 |       0 |   0.0 |      23 |       0 |   0.0
        D:4 |     230 |       0 |   0.0 |      11 |       0 |   0.0
        D:5 |     103 |       0 |   0.0 |       1 |       0 |   0.0
            +---------+---------+-------+---------+---------+-------
